 Dungeon Crawl Stone Soup version 0.29-a0-231-g945431f764 (webtiles) character file.

Game seed: 11332276166564744803

403 Crownlay the Sneak (level 6, 0/32 HPs)
             Began as a Vine Stalker Brigand on Feb 28, 2022.
             Was an Initiate of Dithmenos.
             Succumbed to an adder's poison
             ... on level 4 of the Dungeon.
             The game lasted 00:12:06 (3057 turns).

Crownlay the Sneak (Vine Stalker Brigand)           Turns: 3057, Time: 00:12:07

Health: 0/32       AC:  6    Str: 13    XL:     6   Next: 86%
Magic:  7/7        EV: 12    Int: 11    God:    Dithmenos [......]
Gold:   153        SH:  0    Dex: 18    Spells: 5/5 levels left

rFire   + + .      SeeInvis .   a - +3 dagger
rCold   . . .      Faith    .   (no shield)
rNeg    + . .      Spirit   +   r - +2 leather armour {rF+}
rPois   .          Reflect  .   (no helmet)
rElec   .          Harm     .   c - +0 cloak
rCorr   .          Rampage  .   (no gloves)
Will    .....                   (no boots)
Stlth   +.........              (no amulet)
HPRegen 0.90/turn               g - ring of positive energy
MPRegen 0.10/turn               h - ring of protection from fire

@: confused, lethally poisoned (0 -> -2), ambrosia-drunk
A: fangs 2, regeneration 1, magic shield, antimagic bite, no potion heal 2
a: Renounce Religion


You were on level 4 of the Dungeon.
You worshipped Dithmenos.
Dithmenos was noncommittal.
You visited 2 branches of the dungeon, and saw 6 of its levels.

You collected 193 gold pieces.
You spent 40 gold pieces at shops.

Inventory:

Hand Weapons
 a - a +3 dagger (weapon)
Missiles
 d - 5 poisoned darts (quivered)
 e - 2 curare-tipped darts
Armour
 c - a +0 cloak (worn)
 r - a +2 leather armour of fire resistance (worn)
Jewellery
 g - a ring of positive energy (left hand)
 h - a ring of protection from fire (right hand)
 n - a ring of resist corrosion
 s - a ring of ice
Wands
 i - a wand of flame (9)
Scrolls
 b - a scroll of identify
 k - 2 scrolls of teleportation
 m - a scroll of acquirement
Potions
 f - a potion of invisibility
 j - a potion of might
 o - a potion of degeneration
 p - a potion of attraction
 q - 2 potions of brilliance


   Skills:
 + Level 3.0 Fighting
 + Level 3.1 Short Blades
 - Level 1.7 Throwing
 + Level 2.3 Dodging
 * Level 7.6 Stealth
 + Level 1.0 Invocations


You had 5 spell levels left.
You didn't know any spells.
Your spell library contained the following spells:

 Spells                   Type           Power      Damage    Failure   Level
 Shock                    Conj/Air       0%         1d3       41%         1
 Ozocubu's Armour         Ice            0%         N/A       80%         3
 Swiftness                Air            0%         N/A       80%         3
 Airstrike                Air            0%         N/A       99%         4
 Metabolic Englaciation   Hex/Ice        0%         N/A       100%        5
 Simulacrum               Ice/Necr       0%         N/A       100%        6


Dungeon Overview and Level Annotations

Branches:
Dungeon (5/15)             Temple (1/1) D:4

Altars:
Ashenzari
Dithmenos
Elyvilon
Fedhas
Gozag
Hepliaklqana
Kikubaaqudgha
Makhleb
Nemelex Xobeh
Ru
Sif Muna
Trog
Uskayaw
Vehumet
Xom
Zin
The Shining One

Shops:
D:4 !


Innate Abilities, Weirdness & Mutations

You have extremely sharp teeth.
Your natural rate of healing is unusually fast.
When hurt, damage is shared between your health and your magic reserves.
Your bite disrupts and absorbs the magic of your enemies.
Potions cannot restore your health.


Message History

You feel sick.
You feel sick. The scorpion stings you.
You feel sick.
You feel sick.
You are no longer poisoned.
The scorpion stings you.
You are poisoned.
The scorpion poisons you!
You feel very sick.
You feel sick. The adder barely misses you.
You feel sick.
You feel sick.
You feel sick. The adder bites you.
* * * LOW HITPOINT WARNING * * *
You are more poisoned.
The adder poisons you! The scorpion barely misses you.
Okay, then.
You feel sick.
There is a fountain of sparkling water here.
You feel sick.
You feel sick. The adder bites you.
You are more poisoned.
The adder poisons you!
There is a stone staircase leading up, spattered with blood here.
You feel sick. The adder bites you but does no damage. The scorpion misses you.
You climb upwards.
You feel very sick.
There is a stone staircase leading down here.
You are confused.
Your system rejects the healing.
You feel invigorated.
You feel sick. The adder bites you but does no damage.
You feel sick. The adder bites you.
* * * LOW HITPOINT WARNING * * *
You are lethally poisoned!
The adder poisons you!
Okay, then.
* * * LOW HITPOINT WARNING * * *
You feel sick.
You miss the adder.
You die...

#....[#...................###.†
###...#...................###..
###..............##.#....##..
#..............###.#.....<..
##.......###..###...........
###....###.#..###....#.....
####.....#......##....##.....
###.#......#))....#....####....
##...........>S@.....#..##.#....
##.)...............#..#..........
#...###..#.##...##.#........##...
#....##.###....>##.###..#..###...
.....##.###...#..#.##...##.......
..##...........................##
#####....##........#...#......[.#
#..#####......####...........
#### #.....####...........#


You could see an adder.

Vanquished Creatures
  A water moccasin (D:3)
  An ogre (D:5)
  An orc priest (D:3)
  3 gnolls
  5 adders
  A shadow imp (D:5)
  A worm (D:2)
  2 dart slugs
  9 orcs
  10 endoplasms
  A giant cockroach (D:1)
  8 goblins
  9 hobgoblins
  5 jackals (D:1)
  A quokka (D:4)
  5 ball pythons
  6 bats
  4 frilled lizards
  7 kobolds
  5 rats
85 creatures vanquished.

Notes
Turn   | Place    | Note
-------+----------+-------------------------------------------
     0 | D:1      | Crownlay the Vine Stalker Brigand began the quest for the
                  | Orb.
     0 | D:1      | Reached XP level 1. HP: 11/11 MP: 2/2
    67 | D:1      | Reached skill level 5 in Stealth
   133 | D:1      | Reached XP level 2. HP: 10/15 MP: 3/3
   438 | D:1      | Reached skill level 1 in Dodging
   438 | D:1      | Reached XP level 3. HP: 17/18 MP: 4/4
  1008 | D:2      | Reached skill level 6 in Stealth
  1104 | D:2      | Gained mutation: Your natural rate of healing is unusually
                  | fast. [Vine Stalker growth]
  1104 | D:2      | Reached XP level 4. HP: 23/23 MP: 5/5
  1278 | D:2      | Found a faded altar of an unknown god.
  1279 | D:2      | You fall into a shaft and drop 1 floor!
  1910 | D:3      | Noticed a water moccasin
  1928 | D:3      | Killed a water moccasin
  1929 | D:3      | Reached XP level 5. HP: 6/27 MP: 3/6
  2080 | D:3      | Reached skill level 7 in Stealth
  2086 | D:3      | HP: 1/27 [orc priest/divine providence (15)]
  2096 | D:3      | Reached XP level 6. HP: 6/32 MP: 4/7
  2208 | D:3      | Identified a scroll of acquirement
  2318 | D:4      | Found a staircase to the Ecumenical Temple.
  2329 | Temple   | Entered the Ecumenical Temple
  2340 | Temple   | Became a worshipper of Dithmenos the Shadowed
  2381 | D:4      | Found Zanlajo's Distillery.
  2389 | D:4      | Bought a potion of degeneration for 10 gold pieces
  2389 | D:4      | Bought a potion of attraction for 30 gold pieces
  2810 | D:5      | Entered Level 5 of the Dungeon
  2810 | D:5      | Found a sparkling altar of Nemelex Xobeh.
  3020 | D:5      | Reached skill level 1 in Invocations
  3026 | D:5      | Found a radiant altar of Vehumet.
  3057 | D:4      | Succumbed to an adder's poison

Illustrated notes

Levels and vault maps discovered:
D:1:      evilmike_arrival_hilbert_curve, layout_loops_ring
D:2:      layout_basic, dreamdust_ecumenical_altar_hidden_monk_grotto,
          minmay_tetromino_i2
D:3:      layout_loops_corners
D:4:      layout_cave_pools, minmay_temple_entry_grid, serial_shops, shop
D:5:      layout_cave_pools, nemelex_xobeh_ov_fountains_minmay, minitemple,
          nicolae_vehumet_radiance, uniq_menkaure
Temple:   nicolae_temple_no_exploring_needed

Skill      XL: |  1  2  3  4  5  6 |
---------------+-------------------+-----
Stealth        | 5 6 7 |  7.6
Fighting       | 2 3 |  3.0
Dodging        | 1 2 |  2.3
Short Blades   | 2 3 |  3.1
Invocations    | 1 |  1.0
Throwing       | |  1.7

Action                   |  1- 3 |  4- 6 || total
-------------------------+-------+-------++-------
Melee: Dagger            |    88 |   132 ||   220
       Bite              |    17 |    34 ||    51
       Punch             |     1 |     2 ||     3
Throw: Dart              |       |     4 ||     4
  Use: Scroll            |     2 |     8 ||    10
       Potion            |       |     2 ||     2
 Stab: Sleeping          |     7 |    13 ||    20
       Distracted        |       |     1 ||     1
Armor: Robe              |    14 |       ||    14
       Leather armour    |     7 |    19 ||    26
Dodge: Dodged            |    44 |    64 ||   108

Table legend: (Time is in decaauts)
 A = Elapsed time spent in this place.
 B = Non-inter-level travel time spent in this place.
 C = Inter-level travel time spent in this place.
 D = Time resting spent in this place.
 E = Time spent auto-exploring this place.
 F = Levels seen in this place.
 G = Mean time per level.
                   A        B        C        D        E       F      G
               +--------+--------+--------+--------+--------+-----+--------+
         Total |   3032 |   2886 |    146 |      0 |   2177 |   6 |  505.3 |
       Dungeon |   3008 |   2862 |    146 |      0 |   2177 |   5 |  601.6 |
        Temple |     23 |     23 |      0 |      0 |      0 |   1 |   23.0 |
               +--------+--------+--------+--------+--------+-----+--------+

Top non-repeatable levels by time:
     D:3: 1026 daAuts
     D:1: 996 daAuts
     D:4: 498 daAuts
     D:2: 272 daAuts
     D:5: 214 daAuts
  Temple: 23 daAuts
